[Event "Titled Tuesday Blitz January 17 Late 2023"]
[White "Manukyan, Sargis A."]
[Black "Martinez Alcantara, Jose Eduardo"]
[WhiteFideId "13303970"]
[BlackFideId "3805662"]
[WhiteElo "2158"]
[BlackElo "2619"]
[Result "1/2-1/2"]
[Round "05"]
[TimeControl "180+2"]
[Date "2023.01.17"]
[WhiteClock "0:00:03"]
[BlackClock "0:00:18"]

1. d4 Nf6 2. c4 e6 3. Nc3 Bb4 4. a3 Bxc3+ 5. bxc3 d6 6. e3 Nc6 7. Bd3 e5 8. Ne2 O-O 9. O-O e4 10. Bb1 Na5 11. Ng3 Re8 12. f3 exf3 13. Qxf3 Nxc4 14. e4 h6 15. Bd3 Bg4 16. Qf2 b5 17. h3 Bd7 18. a4 c6 19. axb5 cxb5 20. Bxh6 gxh6 21. Qxf6 Qxf6 22. Rxf6 Re6 23. Nh5 Kf8 24. Bxc4 bxc4 25. Rxe6 Bxe6 26. Nf4 a5 27. Kf2 a4 28. Ke3 Bd7 29. Nd5 Rb8 30. Nf6 Bc6 31. d5 Bb5 32. Rb1 Ke7 33. Nh5 a3 34. Ra1 Ra8 35. Ng3 Bd7 36. Kd4 Rg8 37. Nf5+ Bxf5 38. exf5 Ra8 39. Kxc4 Kf6 40. g4 Ke5 41. Kb3 Rb8+ 42. Kxa3 Kxd5 43. Rd1+ Kc5 44. Rd4 d5 45. Rb4 Re8 46. Kb3 Re3 47. Rb7 d4 48. Rc7+ Kd6 49. Rxf7 Rxc3+ 50. Kb2 Ke5 51. Rh7 Rxh3 52. Re7+ Kd5 53. Re6 Kc4 54. Rc6+ Kd5 55. Rg6 Kc4 56. Rc6+ Kd3 57. Rg6 Ke3 58. f6 d3 59. f7 Rf3 60. Re6+ Kd2 61. Re7 Rf6 62. Kb3 Kc1 63. Rc7+ Kd1 64. Rd7 d2 65. Kc3 Rf3+ 66. Kb2 Ke2 67. Re7+ Kd1 68. Rd7 Rf2 69. Re7 Rf3 70. Rd7 1/2-1/2


[Site "https://www.chess.com"]

[Event "Titled Tuesday Blitz January 17 Late 2023"]
[White "Paravyan, David"]
[Black "Injac, Teodora"]
[WhiteFideId "4194985"]
[BlackFideId "932400"]
[WhiteElo "2601"]
[BlackElo "2391"]
[Result "1-0"]
[Round "05"]
[TimeControl "180+2"]
[Date "2023.01.17"]
[WhiteClock "0:00:06"]
[BlackClock "0:00:07"]

1. d4 Nf6 2. c4 g6 3. Nc3 Bg7 4. e4 d6 5. Be2 O-O 6. Nf3 Na6 7. O-O e5 8. Re1 Bg4 9. Be3 Re8 10. d5 Nc5 11. Nd2 Bxe2 12. Qxe2 a5 13. b3 Nfd7 14. a3 f5 15. b4 Na6 16. b5 Nac5 17. f3 f4 18. Bf2 g5 19. g4 h5 20. h3 b6 21. Kg2 Kf7 22. Rh1 h4 23. Rhb1 Qe7 24. Bg1 Reb8 25. Qd1 Rb7 26. Qc2 Rbb8 27. Kf1 Rb7 28. Ke2 Rbb8 29. Rb2 Rb7 30. Rc1 Rbb8 31. Bf2 Rb7 32. Kd1 Rbb8 33. Rcb1 Bf8 34. Ra1 Qf6 35. Rc1 Rb7 36. Ke2 Rbb8 37. Nf1 Rb7 38. Qb1 Rbb8 39. Qa1 Rb7 40. Nb1 Rbb8 41. Nbd2 Na4 42. Rbc2 Nac5 43. Qa2 Rb7 44. Nb1 Rbb8 45. Nfd2 Rb7 46. Nc3 Rbb8 47. Rb1 Rb7 48. Bg1 Rbb8 49. Kd1 Rb7 50. Ke1 Rbb8 51. Ke2 Rb7 52. Rcc1 Rbb8 53. Qc2 Rb7 54. Bf2 Rbb8 55. Na4 Rb7 56. Rb2 Rbb8 57. Rcb1 Rb7 58. Qd1 Rbb8 59. Rc1 Rb7 60. Nb1 Kg6 61. Nbc3 Nxa4 62. Nxa4 Rbb8 63. Kd3 Rd8 64. Kc2 Nc5 65. Nc3 Nb7 66. Kb1 Rd7 67. Ka2 Rdd8 68. Rd2 Rd7 69. Qc2 Rdd8 70. Rcd1 Be7 71. Qa4 Kg7 72. Qb3 Rd7 73. c5 dxc5 74. d6 Bxd6 75. Qd5 Qf7 76. Kb2 Qxd5 77. Nxd5 c4 78. Nc3 Rad8 79. Rd5 Kf7 80. Na4 Ke6 81. Rc1 Be7 82. Rxc4 Rxd5 83. exd5+ Rxd5 84. Rxc7 Rd2+ 85. Kc1 Rxf2 86. Rxb7 Bxa3+ 87. Kd1 Rxf3 88. Nxb6 Rxh3 89. Nc4 Bc5 90. Rc7 Rh1+ 91. Kc2 Bd4 92. b6 Rh2+ 93. Kd3 Rh3+ 94. Ke4 Rb3 95. b7 h3 96. Rc6+ Kd7 97. Rh6 h2 98. Rxh2 Kc7 99. Rh7+ Kc6 100. Nxa5+ Kb5 101. Nxb3 Kc4 102. b8=Q Kc3 1-0


[Site "https://www.chess.com"]

[Event "Titled Tuesday Blitz January 17 Late 2023"]
[White "Skvortsov, Andrei"]
[Black "Bluebaum, Matthias"]
[WhiteFideId "24108600"]
[BlackFideId "24651516"]
[WhiteElo "2313"]
[BlackElo "2669"]
[Result "0-1"]
[Round "05"]
[TimeControl "180+2"]
[Date "2023.01.17"]
[WhiteClock "0:00:21"]
[BlackClock "0:01:07"]

1. e4 e6 2. d4 d5 3. exd5 exd5 4. Nf3 Nc6 5. Bb5 a6 6. Ba4 b5 7. Bb3 Be6 8. O-O Be7 9. a4 Na5 10. Ba2 h6 11. Nc3 b4 12. Ne2 Nf6 13. Nf4 Bf5 14. Ne5 O-O 15. c3 bxc3 16. bxc3 Rb8 17. Qf3 Be4 18. Qh3 Rb6 19. Be3 Qd6 20. c4 dxc4 21. Bxc4 Rb4 22. Be2 Nb3 23. Nc4 Qd8 24. Rad1 Bc2 25. Rde1 Nxd4 26. Ne5 Nxe2+ 27. Rxe2 Bxa4 28. Rd2 Qc8 29. Qf3 Qf5 30. Ned3 Rbb8 31. Ra1 Bb5 32. h3 Bd6 33. g4 Qe4 34. Qxe4 Nxe4 35. Rc2 g5 0-1


[Site "https://www.chess.com"]

[Event "Titled Tuesday Blitz January 17 Late 2023"]
[White "Dardha, Daniel"]
[Black "Domingo Nunez, Ruben"]
[WhiteFideId "240990"]
[BlackFideId "22245570"]
[WhiteElo "2631"]
[BlackElo "2416"]
[Result "0-1"]
[Round "05"]
[TimeControl "180+2"]
[Date "2023.01.17"]
[WhiteClock "0:00:02"]
[BlackClock "0:00:09"]

1. c4 g6 2. g3 Bg7 3. Bg2 d6 4. Nc3 Nf6 5. Nf3 O-O 6. O-O Nbd7 7. b4 c5 8. Rb1 Rb8 9. d3 b6 10. a4 Bb7 11. Bd2 d5 12. cxd5 Nxd5 13. Nxd5 Bxd5 14. h4 h5 15. bxc5 Nxc5 16. Be3 Rc8 17. a5 bxa5 18. Rb5 Qd6 19. Rxa5 Qb6 20. Ra1 Bxa1 21. Qxa1 Rfe8 22. Rb1 Qc7 23. Rc1 Nb3 24. Rxc7 Nxa1 25. Rxa7 Nc2 26. Bg5 e5 27. e4 Ra8 28. Rc7 Ra1+ 29. Kh2 Bb3 30. Bf6 Nb4 31. Nxe5 Ra6 32. Nd7 Nxd3 33. Bd4 Rd8 34. e5 Be6 35. Nf6+ Kf8 36. Be3 Kg7 37. Bg5 Rc8 38. Re7 Nxe5 39. Bb7 Ra7 40. Bxc8 Rxe7 41. Ba6 Ra7 42. Be2 Ra2 43. Bb5 Rxf2+ 44. Kg1 Rb2 45. Ne8+ Kf8 46. Bh6+ Ke7 47. Bg5+ Kf8 48. Bh6+ Kg8 49. Nf6+ Kh8 50. Be8 Nf3+ 51. Kf1 Bh3# 0-1


[Site "https://www.chess.com"]

[Event "Titled Tuesday Blitz January 17 Late 2023"]
[White "Msellek, Ilyass"]
[Black "Sanal, Vahap"]
[WhiteFideId "675938"]
[BlackFideId "6300545"]
[WhiteElo "2420"]
[BlackElo "2600"]
[Result "0-1"]
[Round "05"]
[TimeControl "180+2"]
[Date "2023.01.17"]
[WhiteClock "0:01:01"]
[BlackClock "0:02:35"]

1. d4 d6 2. Nf3 c5 3. dxc5 Qa5+ 4. c3 Qxc5 5. g3 Nf6 6. Bg2 g6 7. O-O Bg7 8. a4 O-O 9. Na3 Qh5 10. Nd4 Bh3 11. Bf3 Ng4 12. Re1 Nc6 13. Nxc6 bxc6 14. Bxc6 Qc5 15. e4 Qxf2+ 0-1


[Site "https://www.chess.com"]

[Event "Titled Tuesday Blitz January 17 Late 2023"]
[White "Ozer, Omer Faruk"]
[Black "Zierk, Steven"]
[WhiteFideId "6354564"]
[BlackFideId "2034255"]
[WhiteElo "2360"]
[BlackElo "2488"]
[Result "0-1"]
[Round "05"]
[TimeControl "180+2"]
[Date "2023.01.17"]
[WhiteClock "0:00:03"]
[BlackClock "0:01:21"]

1. e4 e6 2. d4 d5 3. e5 c5 4. c3 Nc6 5. Nf3 Bd7 6. Bd3 Qb6 7. O-O cxd4 8. Re1 Nge7 9. h4 dxc3 10. Nxc3 Na5 11. Be3 Qd8 12. b4 Rc8 13. Nb5 Bxb5 14. Bxb5+ Nac6 15. Bxa7 Nf5 16. Rc1 Bxb4 17. Bc5 Bxc5 18. Rxc5 Nxh4 19. Nd4 O-O 20. Bxc6 bxc6 21. Qg4 Ng6 22. Nxc6 Qb6 23. Rec1 Qb2 24. R5c2 Qa3 25. g3 Rxc6 26. Rxc6 Nxe5 27. Qe2 Nxc6 28. Rxc6 Ra8 29. Rc7 g6 30. Rc2 Qb4 31. Qf3 Qb1+ 0-1


[Site "https://www.chess.com"]

[Event "Titled Tuesday Blitz January 17 Late 2023"]
[White "Di Berardino, Diego Rafael"]
[Black "Tari, Aryan"]
[WhiteFideId "2105446"]
[BlackFideId "1510045"]
[WhiteElo "2479"]
[BlackElo "2642"]
[Result "0-1"]
[Round "05"]
[TimeControl "180+2"]
[Date "2023.01.17"]
[WhiteClock "0:00:01"]
[BlackClock "0:00:04"]

1. e4 c5 2. Nf3 d6 3. d4 cxd4 4. Nxd4 Nf6 5. Nc3 a6 6. Be2 e5 7. Nb3 Be7 8. Be3 O-O 9. g4 b5 10. g5 Ne8 11. h4 Nc7 12. Qd2 Bb7 13. O-O-O b4 14. Nd5 Nxd5 15. exd5 a5 16. Kb1 a4 17. Nc1 Qa5 18. h5 Nd7 19. Rh4 Rfb8 20. Rxb4 Qd8 21. a3 Nc5 22. g6 fxg6 23. hxg6 hxg6 24. Bg4 Bc8 25. Bxc5 dxc5 26. Rxb8 Rxb8 27. Bxc8 Qxc8 28. d6 Qb7 29. Qd5+ Qxd5 30. Rxd5 Bf6 31. Rxc5 e4 32. c3 Kf7 33. Ne2 Ke6 34. Ng3 e3 35. fxe3 Kxd6 36. Ne4+ Ke6 37. Ra5 Be5 38. Rxa4 Kf5 39. Kc2 g5 40. Nf2 Rh8 41. Ng4 Rh4 42. Nxe5 Rxa4 43. Nd3 Rh4 44. b4 Rh2+ 45. Kb3 g4 46. b5 g3 47. Nf4 g5 48. Nd3 g2 49. e4+ Kg4 50. Ne5+ Kg3 51. b6 g1=Q 52. b7 Qb1+ 0-1


[Site "https://www.chess.com"]

[Event "Titled Tuesday Blitz January 17 Late 2023"]
[White "Jones, Gawain C B"]
[Black "Godzwon, Iwo"]
[WhiteFideId "409561"]
[BlackFideId "21802483"]
[WhiteElo "2618"]
[BlackElo "2394"]
[Result "1-0"]
[Round "05"]
[TimeControl "180+2"]
[Date "2023.01.17"]
[WhiteClock "0:00:19"]
[BlackClock "0:00:07"]

1. g3 c5 2. Bg2 Nc6 3. c4 g6 4. Nc3 Bg7 5. e3 e6 6. Nge2 Nge7 7. d4 cxd4 8. exd4 d5 9. cxd5 exd5 10. O-O O-O 11. h3 Be6 12. Bg5 Qb6 13. Na4 Qb5 14. Rc1 Nf5 15. Rc5 Qa6 16. Bxd5 Nfxd4 17. Nxd4 Nxd4 18. Re1 Rac8 19. Be7 Rfe8 20. b4 Bxd5 21. Rxd5 Rc7 22. b5 Qa5 23. Bb4 Rxe1+ 24. Qxe1 Nf3+ 25. Kf1 Qxb5+ 26. Rxb5 Nxe1 27. Bxe1 b6 28. Rd5 Rc4 29. Rd8+ Bf8 30. Nc3 Kg7 31. Nb5 a6 32. Bc3+ Kg8 33. Be5 axb5 34. Bd6 Rc6 35. Rxf8+ Kg7 36. Rd8 Kf6 37. Bb4 Ke6 38. a3 Rc4 39. Rd6+ Ke5 40. Rxb6 Ke4 41. Kg2 f5 42. Rxb5 f4 43. gxf4 1-0


[Site "https://www.chess.com"]

[Event "Titled Tuesday Blitz January 17 Late 2023"]
[White "Hamitevici, Vladimir"]
[Black "Pichot, Alan"]
[WhiteFideId "13902393"]
[BlackFideId "110973"]
[WhiteElo "2496"]
[BlackElo "2638"]
[Result "1-0"]
[Round "05"]
[TimeControl "180+2"]
[Date "2023.01.17"]
[WhiteClock "0:00:04"]
[BlackClock "0:00:01"]

1. a3 Nf6 2. Nf3 d5 3. e3 Bf5 4. c4 e6 5. b3 c6 6. Bb2 h6 7. Be2 Nbd7 8. cxd5 exd5 9. O-O Bd6 10. d3 Bh7 11. Nbd2 O-O 12. Re1 a5 13. Qc2 Re8 14. h3 Nc5 15. Qc3 Ne6 16. Bf1 Ng5 17. Nxg5 hxg5 18. Nf3 g4 19. hxg4 Bf8 20. g5 Nd7 21. Rad1 Nc5 22. e4 Ne6 23. Qc1 d4 24. g3 a4 25. b4 c5 26. bxc5 Ra5 27. Bh3 Rxc5 28. Qa1 Nxg5 29. Nxg5 Qxg5 30. Bxd4 Rc2 31. Be3 Qh5 32. Bg2 Rd8 33. Qb1 Rc3 34. Qxb7 Rxa3 35. d4 Rb3 36. Qc7 Rbb8 37. d5 Rdc8 38. Qd7 a3 39. Ra1 Rd8 40. Qc7 Rbc8 41. Qb6 Qe5 42. Qd4 Qb8 43. Reb1 Qc7 44. Rc1 Qa5 45. Rxc8 Rxc8 46. e5 Bc5 47. Qd2 Qxd2 48. Bxd2 Ra8 49. Bc3 1-0


[Site "https://www.chess.com"]

[Event "Titled Tuesday Blitz January 17 Late 2023"]
[White "Galperin, Platon"]
[Black "Haydon, David L"]
[WhiteFideId "14165414"]
[BlackFideId "415405"]
[WhiteElo "2528"]
[BlackElo "2253"]
[Result "1-0"]
[Round "05"]
[TimeControl "180+2"]
[Date "2023.01.17"]
[WhiteClock "0:00:04"]
[BlackClock "0:00:28"]

1. Nf3 c6 2. g3 d5 3. Bg2 Nf6 4. O-O g6 5. a4 Bg7 6. a5 O-O 7. d3 Nbd7 8. Nc3 Re8 9. e4 e5 10. a6 bxa6 11. d4 Nxe4 12. Nxe4 dxe4 13. Nxe5 Nxe5 14. dxe5 Qxd1 15. Rxd1 Bxe5 16. Bxe4 Rb8 17. Bxc6 Rf8 18. Bh6 Bg7 19. Bxg7 Kxg7 20. Ra2 Be6 21. b3 Rb6 22. Be4 Re8 23. Bd3 Rd8 24. Rda1 Bxb3 25. Rxa6 Rxa6 26. Rxa6 Rd7 27. Kf1 Be6 28. Ke2 Rc7 29. Ra4 Kf6 30. Ke3 Ke5 31. c4 Kd6 32. Kd4 Ke7 33. Ra6 Rd7+ 34. Kc3 Rc7 35. Ra5 Kd6 36. Kd4 Kc6 37. Be4+ Kb6 38. Rb5+ Ka6 39. Bd3 Rd7+ 40. Kc3 Rb7 41. Re5 Kb6 42. Be4 Rc7 43. Rb5+ Ka6 44. Rb4 Ka5 45. Bd3 h5 46. h4 a6 47. Rb1 Rc8 48. Ra1+ Kb6 49. Kb4 Rd8 50. c5+ Kc7 51. Bxa6 Rd4+ 52. Kc3 Rd5 53. Ra5 Kc6 54. Bb5+ Kb7 55. Bc4 Re5 56. Bd3 Kc6 57. Bb5+ Kd5 58. Bc4+ Kc6 59. Kd4 Re1 60. Ra6+ Kb7 61. Rb6+ Kc7 62. Bxe6 fxe6 63. Rd6 e5+ 64. Kd5 e4 65. Re6 e3 66. Rxe3 Rd1+ 67. Ke6 Rd2 68. Rf3 Rxf2 69. Rxf2 1-0


[Site "https://www.chess.com"]

[Event "Titled Tuesday Blitz January 17 Late 2023"]
[White "Pershin, Denis"]
[Black "Kadric, Denis"]
[WhiteFideId "24165506"]
[BlackFideId "14403803"]
[WhiteElo "2366"]
[BlackElo "2601"]
[Result "1-0"]
[Round "05"]
[TimeControl "180+2"]
[Date "2023.01.17"]
[WhiteClock "0:00:24"]
[BlackClock "0:01:05"]

1. d4 d6 2. e4 Nf6 3. Nc3 e5 4. Nf3 Nbd7 5. Bc4 Be7 6. a4 O-O 7. O-O c6 8. Ba2 h6 9. Qe2 exd4 10. Nxd4 Re8 11. h3 Bf8 12. Qf3 Qa5 13. Nf5 Ne5 14. Nxh6+ Kh7 15. Qf4 Ng6 16. Qf3 Ne5 17. Qf4 d5 18. exd5 cxd5 19. Nf5 Ng6 20. Qg5 Re5 21. g4 Bxf5 22. gxf5 Ne7 23. Qh4+ Kg8 24. Bg5 Rxf5 25. Rae1 Ng6 26. Qg3 Bb4 27. Bxf6 Rxf6 28. Nxd5 Bxe1 29. Nxf6+ gxf6 30. Qxg6+ 1-0


[Site "https://www.chess.com"]

[Event "Titled Tuesday Blitz January 17 Late 2023"]
[White "Bernadskiy, Vitaliy"]
[Black "Djokic, Mihailo"]
[WhiteFideId "14100371"]
[BlackFideId "976440"]
[WhiteElo "2592"]
[BlackElo "2192"]
[Result "1-0"]
[Round "05"]
[TimeControl "180+2"]
[Date "2023.01.17"]
[WhiteClock "0:01:41"]
[BlackClock "0:00:21"]

1. d4 Nf6 2. Nf3 g6 3. c4 Bg7 4. Nc3 O-O 5. e4 d6 6. Be2 e5 7. O-O Nc6 8. d5 Ne7 9. b4 Nh5 10. Re1 f5 11. a4 Nf4 12. Bf1 fxe4 13. Nxe4 Bf5 14. a5 a6 15. Ra3 Qd7 16. Neg5 Kh8 17. g3 Nh5 18. Nh4 Nf6 19. Nxf5 gxf5 20. Ne6 Rg8 21. Bh3 c6 22. Nxg7 Kxg7 23. f4 cxd5 24. fxe5 dxe5 25. Rxe5 Rad8 26. Rae3 Ng6 27. Rxf5 dxc4 28. Qxd7+ Rxd7 29. Rxf6 Kxf6 30. Bxd7 Rd8 31. Bb2+ Kg5 32. h4+ Kh6 33. Bh3 Rd1+ 34. Bf1 Rb1 35. Bc3 Kh5 36. Kg2 Kg4 37. Be2+ Kf5 38. Bxc4 1-0


[Site "https://www.chess.com"]

[Event "Titled Tuesday Blitz January 17 Late 2023"]
[White "Mikaelyan, Arman"]
[Black "Lymar, Vladislav"]
[WhiteFideId "13304852"]
[BlackFideId "14162180"]
[WhiteElo "2523"]
[BlackElo "2119"]
[Result "1-0"]
[Round "05"]
[TimeControl "180+2"]
[Date "2023.01.17"]
[WhiteClock "0:00:08"]
[BlackClock "0:00:04"]

1. d4 d5 2. Nf3 e6 3. c4 c5 4. e3 Nc6 5. Nc3 Nf6 6. a3 cxd4 7. exd4 Be7 8. cxd5 Nxd5 9. Bd3 O-O 10. O-O b6 11. Nxd5 Qxd5 12. Qc2 Nxd4 13. Nxd4 Qxd4 14. Bxh7+ Kh8 15. Be4 Rb8 16. Bf4 Ba6 17. Rfd1 Qf6 18. Bxb8 Rxb8 19. Qc7 Rc8 20. Qxa7 Be2 21. Re1 Bc4 22. b4 b5 23. Rad1 Bf8 24. h3 Kg8 25. Re3 Rd8 26. Rxd8 Qxd8 27. Re1 Qd2 28. Qe3 Qb2 29. Bb1 g6 30. h4 Bg7 31. h5 gxh5 32. Qf3 Bd4 33. Rd1 Kf8 34. Bg6 e5 35. Bd3 Bb3 36. Rf1 Qd2 37. Bxb5 Bd5 38. Qf6 e4 39. Qd8+ Kg7 40. Qh4 Kg6 41. Qg3+ Kh6 42. Be8 e3 43. Qf4+ Kg7 44. Qg3+ Kh6 45. Qd6+ f6 46. Qxd5 exf2+ 47. Kh1 Qf4 48. Qf3 Qh4+ 49. Qh3 Qe4 50. Qxh5+ Kg7 51. Qg6+ Qxg6 52. Bxg6 Kxg6 53. g3 Kf5 54. Kg2 Ke4 55. Rxf2 Bxf2 56. Kxf2 1-0


[Site "https://www.chess.com"]

[Event "Titled Tuesday Blitz January 17 Late 2023"]
[White "Urazayev, Arystanbek"]
[Black "Liang, Justin"]
[WhiteFideId "13709810"]
[BlackFideId "2099942"]
[WhiteElo "2460"]
[BlackElo "2052"]
[Result "1-0"]
[Round "05"]
[TimeControl "180+2"]
[Date "2023.01.17"]
[WhiteClock "0:01:09"]
[BlackClock "0:00:04"]

1. e4 c5 2. Nf3 e6 3. d4 cxd4 4. Nxd4 Nc6 5. Nc3 Qc7 6. Be3 a6 7. g4 b5 8. Nxc6 Qxc6 9. Qd2 Bb7 10. O-O-O b4 11. Ne2 Nf6 12. Bg2 Nxg4 13. Bb6 Ne5 14. Bd4 Nc4 15. Qd3 O-O-O 16. f4 d6 17. Rhg1 e5 18. Ba7 Be7 19. Bh3+ Kc7 20. Rxg7 Rhf8 21. Rxh7 exf4 22. Kb1 Qxe4 23. Rc1 Bf6 24. Bf5 Qd5 25. Nxf4 Qb5 26. Ne6+ Kc6 27. Nxd8+ Rxd8 28. Rxf7 Bxb2 29. Qe4+ Qd5 30. Rd1 Qxe4 31. Bxe4+ d5 32. Rxd5 Rxd5 33. Bxd5+ Kxd5 34. Rxb7 Bc3 35. Kc1 Ne3 1-0


[Site "https://www.chess.com"]

[Event "Titled Tuesday Blitz January 17 Late 2023"]
[White "Boruchovsky, Avital"]
[Black "Prado Lobo, Jonas"]
[WhiteFideId "2800055"]
[BlackFideId "32050666"]
[WhiteElo "2539"]
[BlackElo "2313"]
[Result "1-0"]
[Round "05"]
[TimeControl "180+2"]
[Date "2023.01.17"]
[WhiteClock "0:00:56"]
[BlackClock "0:00:11"]

1. d4 Nf6 2. c4 e6 3. Nc3 Bb4 4. e3 O-O 5. Bd3 d5 6. Nf3 c5 7. cxd5 exd5 8. O-O c4 9. Bc2 Re8 10. Ne5 Nc6 11. f4 Bxc3 12. bxc3 Ne4 13. Bxe4 dxe4 14. Nxc4 Be6 15. Nd2 f5 16. c4 Nb4 17. d5 Bf7 18. Bb2 Nd3 19. Bd4 b6 20. Rb1 Rc8 21. Rb3 Qh4 22. Ra3 Bh5 23. Qb3 Be2 24. Rxa7 Bxf1 25. Rxg7+ Kf8 26. g3 Qh5 27. Qxb6 Re5 28. Qf6+ Ke8 29. Bxe5 1-0


[Site "https://www.chess.com"]

[Event "Titled Tuesday Blitz January 17 Late 2023"]
[White "Pakleza, Zbigniew"]
[Black "Andreev, Eduard"]
[WhiteFideId "1119290"]
[BlackFideId "14103400"]
[WhiteElo "2494"]
[BlackElo "2413"]
[Result "1-0"]
[Round "05"]
[TimeControl "180+2"]
[Date "2023.01.17"]
[WhiteClock "0:00:02"]
[BlackClock "0:00:05"]

1. d4 Nf6 2. Nf3 g6 3. Bf4 Bg7 4. e3 O-O 5. Be2 d6 6. h3 Nbd7 7. O-O b6 8. c3 Bb7 9. Nbd2 c5 10. a4 a6 11. Bh2 Ra7 12. Bd3 Qa8 13. Qe2 Ne4 14. Nc4 b5 15. Na3 b4 16. cxb4 cxb4 17. Nc4 a5 18. Rfc1 Rc8 19. Ne1 f5 20. f3 Nef6 21. Nd2 Bh6 22. Kh1 Nb6 23. Nc4 Nxc4 24. Bxc4+ Kf8 25. Nd3 Nd5 26. Bg1 Ba6 27. Bxa6 Rxa6 28. Rxc8+ Qxc8 29. e4 fxe4 30. fxe4 Nf6 31. e5 dxe5 32. dxe5 Nh5 33. Bh2 Kg8 34. Rf1 Qe6 35. Nc5 Qa2 36. Qxa6 Bg5 37. Qc8+ Kg7 38. Qf8# 1-0


[Site "https://www.chess.com"]

[Event "Titled Tuesday Blitz January 17 Late 2023"]
[White "Kaasen, Tor Fredrik"]
[Black "Carnicelli, Valerio"]
[WhiteFideId "1516647"]
[BlackFideId "856185"]
[WhiteElo "2480"]
[BlackElo "2370"]
[Result "0-1"]
[Round "05"]
[TimeControl "180+2"]
[Date "2023.01.17"]
[WhiteClock "0:00:19"]
[BlackClock "0:00:28"]

1. e4 c5 2. Nf3 d6 3. d4 cxd4 4. Nxd4 Nf6 5. Nc3 a6 6. Bc4 e6 7. Be3 b5 8. Bb3 Be7 9. a3 Bb7 10. f3 O-O 11. Qe2 Nbd7 12. O-O-O Rc8 13. Kb1 Rxc3 14. bxc3 Nc5 15. e5 Nd5 16. Bd2 dxe5 17. Qxe5 Bf6 18. Qe2 Qb6 19. g4 Na4 20. Qd3 Rc8 21. Bxa4 bxa4+ 22. Ka1 Qc5 23. Ka2 Be7 24. Ra1 Nb6 25. c4 Nxc4 26. Bb4 Qd5 27. Bxe7 Ne5+ 28. c4 Rxc4 29. Qe4 Rxd4+ 30. Qxd5 Bxd5+ 31. Kb2 Rd2+ 32. Kc3 Rd3+ 33. Kb4 Nc6+ 34. Kxa4 Bb3# 0-1


[Site "https://www.chess.com"]

[Event "Titled Tuesday Blitz January 17 Late 2023"]
[White "Kobalia, Mikhail"]
[Black "Klose, Eli"]
[WhiteFideId "4119150"]
[BlackFideId "16242955"]
[WhiteElo "2578"]
[BlackElo "1519"]
[Result "0-1"]
[Round "05"]
[TimeControl "180+2"]
[Date "2023.01.17"]
[WhiteClock "0:00:02"]
[BlackClock "0:00:09"]

1. e4 e6 2. d3 c5 3. Nf3 Nc6 4. g3 g6 5. Bg2 Bg7 6. O-O Nge7 7. c3 O-O 8. Re1 Rb8 9. d4 cxd4 10. cxd4 d5 11. e5 b5 12. Nbd2 a5 13. h4 a4 14. Nf1 Qb6 15. Ne3 f6 16. exf6 Bxf6 17. Ng4 Bg7 18. Bh6 Nf5 19. Bxg7 Kxg7 20. Rc1 Rb7 21. Ng5 Ncxd4 22. Qd2 Re7 23. Ne5 h6 24. Nh3 Nxg3 25. Rc3 Ngf5 26. Nf4 Nxh4 27. Nexg6 Nxg6 28. Rg3 Rxf4 29. Qxf4 Kh7 30. Qf6 Rg7 31. Kh2 Nf5 32. Rh3 Qd6+ 33. Kh1 Nf4 34. Rh2 Nxg2 35. Rxg2 Rxg2 36. Kxg2 Qe7 37. Qe5 Qg7+ 38. Qxg7+ Kxg7 39. Rc1 Ne7 40. Rc5 b4 41. Rb5 b3 42. axb3 axb3 43. Rxb3 Kf6 44. Rf3+ Ke5 45. b4 d4 46. Rh3 Nf5 47. b5 Bb7+ 48. Kf1 Bd5 49. Ra3 Bc4+ 50. Ke1 Bxb5 51. Ra5 Nd6 52. Kd2 Kd5 53. Kc2 e5 54. Ra7 e4 55. Re7 Bd3+ 56. Kd2 Nc4+ 57. Kd1 Ne5 58. Rh7 Bf1 59. Rxh6 Bg2 60. Rh8 Bf3+ 61. Kd2 Nc4+ 62. Ke1 d3 63. Rd8+ Kc5 64. Rc8+ Kb4 65. Ra8 d2+ 0-1


[Site "https://www.chess.com"]

[Event "Titled Tuesday Blitz January 17 Late 2023"]
[White "Mahdavi, Reza"]
[Black "Chor, Kevin"]
[WhiteFideId "12595926"]
[BlackFideId "2090740"]
[WhiteElo "2339"]
[BlackElo "1944"]
[Result "1-0"]
[Round "05"]
[TimeControl "180+2"]
[Date "2023.01.17"]
[WhiteClock "0:00:11"]
[BlackClock "0:00:04"]

1. e4 c5 2. Nf3 g6 3. c3 Bg7 4. d4 cxd4 5. cxd4 d5 6. e5 Bg4 7. Bb5+ Nc6 8. Bxc6+ bxc6 9. Nbd2 Nh6 10. O-O O-O 11. h3 Bd7 12. Nb3 f6 13. exf6 exf6 14. Nc5 Nf5 15. Bf4 Re8 16. Qd2 g5 17. Bh2 h5 18. Qd3 g4 19. hxg4 hxg4 20. Nd2 Qe7 21. Rfe1 Qf7 22. Nf1 Nh4 23. Bg3 Nf5 24. Bf4 Rxe1 25. Rxe1 Re8 26. Rxe8+ Qxe8 27. b4 Bc8 28. Be3 Nxe3 29. Nxe3 f5 30. Kf1 f4 31. Nf5 Bf6 32. Nd6 Qh5 33. Nxc8 f3 34. Kg1 g3 35. fxg3 Qg4 36. Nd6 Bxd4+ 37. Kf1 Qxg3 38. Qxf3 Qxd6 39. Qg4+ Bg7 40. Ne6 Qe5 41. Qxg7+ Qxg7 42. Nxg7 Kxg7 43. a4 Kf6 44. b5 cxb5 45. axb5 Ke5 46. Ke2 d4 47. Kd3 Kd5 48. g4 Kc5 49. g5 Kd5 50. g6 1-0


[Site "https://www.chess.com"]

[Event "Titled Tuesday Blitz January 17 Late 2023"]
[White "Czernek, Tymon"]
[Black "Iniyan, P"]
[WhiteFideId "1199510"]
[BlackFideId "25002767"]
[WhiteElo "2314"]
[BlackElo "2525"]
[Result "0-1"]
[Round "05"]
[TimeControl "180+2"]
[Date "2023.01.17"]
[WhiteClock "0:00:10"]
[BlackClock "0:02:03"]

1. e4 g6 2. d4 Bg7 3. f4 a6 4. a4 d6 5. Nf3 Nd7 6. Nc3 c5 7. Be3 cxd4 8. Bxd4 e5 9. fxe5 Nxe5 10. Nxe5 dxe5 11. Be3 Be6 12. Qxd8+ Rxd8 13. Be2 Ne7 14. O-O Nc6 15. Bc5 Bf8 16. Bb6 Rd2 17. Bd3 Nb4 18. Be3 Rxc2 19. Bxc2 Nxc2 20. Bg5 Bc5+ 21. Kh1 Nxa1 22. Rxa1 Be7 23. Bh6 f6 24. Rd1 Kf7 25. Be3 Rd8 26. Nd5 Bxd5 27. exd5 Rc8 28. d6 Rd8 29. d7 Ke6 30. Bb6 Rxd7 0-1


[Site "https://www.chess.com"]

[Event "Titled Tuesday Blitz January 17 Late 2023"]
[White "Ismagilov, Damir"]
[Black "Makridis, Dimitrios"]
[WhiteFideId "34199982"]
[BlackFideId "25864475"]
[WhiteElo "2156"]
[BlackElo "2356"]
[Result "1/2-1/2"]
[Round "05"]
[TimeControl "180+2"]
[Date "2023.01.17"]
[WhiteClock "0:00:07"]
[BlackClock "0:00:08"]

1. e4 c5 2. Nf3 d6 3. d4 cxd4 4. Nxd4 Nc6 5. Nc3 Nf6 6. f3 e6 7. Be3 Be7 8. Qd2 a6 9. O-O-O Bd7 10. g4 O-O 11. h4 b5 12. g5 Ne8 13. f4 b4 14. Nce2 a5 15. Bg2 a4 16. Nxc6 Bxc6 17. Qxb4 Nc7 18. Nd4 Bd7 19. f5 d5 20. Qd2 a3 21. b3 e5 22. Nf3 d4 23. Nxe5 dxe3 24. Qxd7 e2 25. Qxd8 Raxd8 26. Rxd8 Rxd8 27. Nc6 Rd7 28. Nxe7+ Rxe7 29. Re1 Nb5 30. Rxe2 Nc3 31. Rd2 h5 32. g6 fxg6 33. fxg6 Re8 34. e5 Kf8 35. Rf2+ Ke7 36. Rf7+ Ke6 37. Rxg7 Nxa2+ 38. Kd2 Rd8+ 39. Ke2 Nc3+ 40. Kf2 a2 41. Ra7 Kxe5 42. g7 Rg8 43. Ke3 Rxg7 44. Ra5+ Kd6 45. Kd3 Rg3+ 46. Kc4 Kc7 47. Bd5 Kb6 48. Ra8 Nb5 49. Rxa2 Rg4+ 50. Kd3 Rd4+ 51. Ke3 Rxd5 52. c3 Nxc3 53. Rg2 Kc5 54. Rg5 Nb5 55. Kf4 Kd6 56. Rxd5+ Kxd5 57. Kg5 Nd4 58. Kxh5 Nf3 59. Kg4 Nxh4 60. Kxh4 Kc5 61. Kg5 Kb4 62. Kf4 Kxb3 1/2-1/2


[Site "https://www.chess.com"]

[Event "Titled Tuesday Blitz January 17 Late 2023"]
[White "Khripachenko, Alexander"]
[Black "Ivanisevic, Ivan"]
[WhiteFideId "54184975"]
[BlackFideId "912417"]
[WhiteElo "2110"]
[BlackElo "2532"]
[Result "1-0"]
[Round "05"]
[TimeControl "180+2"]
[Date "2023.01.17"]
[WhiteClock "0:00:30"]
[BlackClock "0:00:02"]

1. e4 c5 2. Nf3 g6 3. c3 d5 4. exd5 Qxd5 5. d4 Bg7 6. Be3 cxd4 7. cxd4 Qa5+ 8. Nc3 Nh6 9. Bb5+ Bd7 10. Qb3 Nf5 11. O-O Bxb5 12. Qxb5+ Qxb5 13. Nxb5 Na6 14. Rac1 O-O 15. Rc4 Rfc8 16. Rfc1 Rxc4 17. Rxc4 e6 18. g4 Ne7 19. Kg2 Nd5 20. a3 Bf6 21. g5 Be7 22. h4 Kg7 23. Bd2 Kf8 24. Ne5 Ke8 25. Kf3 Bf8 26. Rc1 Ke7 27. Ke2 Bg7 28. Kd3 Rd8 29. Ke2 Nb6 30. Be3 Rd5 31. Nxa7 Bxe5 32. dxe5 Rxe5 33. f4 Rxe3+ 34. Kxe3 Nd5+ 35. Kf3 Nac7 36. a4 Kd7 37. Nb5 Nxb5 38. axb5 Nc7 39. Rc5 Kd6 40. Rc2 Nxb5 41. Rc8 Nd4+ 42. Kg4 Nf5 43. Rh8 1-0


[Site "https://www.chess.com"]